 Dungeon Crawl Stone Soup version 0.31-a0-339-gda1cbd555d (webtiles) character file.

Game seed: 7919958400027379070

52171 shadowrider38 the Warrior (level 14, -2/161 (163) HPs)
             Began as an Ogre Shapeshifter on July 21, 2023.
             Was a High Priest of Nemelex Xobeh.
             Slain by a dire elephant (25 damage)
             ... on level 5 of the Lair of Beasts.
             The game lasted 00:35:05 (25887 turns).

shadowrider38 the Warrior (Ogre Shapeshifter)      Turns: 25887, Time: 00:35:06

HP:   -2/161 (163)  AC:  2    Str: 26    XL:     14   Next: 62%
MP:   21/21         EV:  9    Int:  9    God:    Nemelex Xobeh [*****.]
Gold: 314           SH:  0    Dex:  9    Spells: 13/13 levels left

rFire   . .          .
                       - Unarmed
rCold   . . .        (shield currently unavailable)
rNeg    . . .        p - +0 troll leather armour
rPois   .            (helmet restricted)
rElec   .            J - scarf {repulsion}
rCorr   +            (gloves unavailable)
SInv    +            (boots unavailable)
Will    +....        G - amulet of magic regeneration
Stlth   +            s - ring of see invisible
HPRegen 1.26/turn    g - ring of resist corrosion
MPRegen 0.57/turn

%: repel missiles
@: blade hands, lightly drained
A: large, unfitting armour, tough skin 1
a: Begin Untransformation, Renounce Religion, Draw Escape, Draw Destruction,
Draw Summoning, Triple Draw, Deal Four, Stack Five


You were on level 5 of the Lair of Beasts.
You worshipped Nemelex Xobeh.
Nemelex Xobeh was extremely pleased with you.
You had blades for hands.
You visited 3 branches of the dungeon, and saw 17 of its levels.
You also visited: Bailey and Volcano.

You collected 906 gold pieces.
You spent 592 gold pieces at shops.

Inventory:

Hand Weapons
 O - the +10 scimitar of Cheibriados's Wrath {freeze, rPois rN+ Str-4}
   (You found it on level 5 of the Lair of Beasts)

   Str:       It affects your strength (-4).
   rPois:     It protects you from poison.
   rN:        It protects you from negative energy.
Missiles
 t - 10 boomerangs
 v - 2 javelins
 w - 14 large rocks (quivered)
 x - 4 silver javelins
 Z - 3 throwing nets
Armour
 j - a +0 kite shield
 p - a +0 troll leather armour (worn)
 J - a scarf of repulsion (worn)
 P - a scarf of repulsion
Magical Staves
 i - a staff of death
Jewellery
 g - a ring of resist corrosion (right blade hand)
 s - a ring of see invisible (left blade hand)
 G - an amulet of magic regeneration (around neck)
Talismans
 a - a blade talisman
 c - a beast talisman
 k - a serpent talisman
Wands
 C - a wand of polymorph (5)
 I - a wand of iceblast (21)
 R - a wand of quicksilver (5)
 V - a wand of flame (7)
Scrolls
 d - a scroll of butterflies {unknown}
 e - a scroll of enchant weapon {unknown}
 h - a scroll of torment {unknown}
 m - 2 scrolls of brand weapon
 n - a scroll of poison
 o - 7 scrolls of revelation
 q - a scroll of fog
 u - a scroll of acquirement
 y - a scroll of vulnerability
 B - 5 scrolls of blinking
 E - a scroll of immolation
 F - 2 scrolls of fear
 N - a scroll of enchant armour {unknown}
 T - 4 scrolls of teleportation
Potions
 b - 3 potions of lignification
 f - 3 potions of brilliance
 l - 2 potions of might
 r - a potion of degeneration {unknown}
 z - 6 potions of heal wounds {unknown}
 A - 4 potions of cancellation {unknown}
 D - 7 potions of ambrosia
 H - 8 potions of haste
 K - 5 potions of invisibility
 L - a potion of magic
 M - a potion of mutation {unknown}
 Q - 2 potions of curing
Miscellaneous
 U - a phial of floods


   Skills:
 + Level 16.4 Fighting
 - Level 1.7 Dodging
 + Level 12.9 Unarmed Combat
 - Level 10.0 Invocations
 + Level 12.7 Shapeshifting


You had 13 spell levels left.
You didn't know any spells.
Your spell library contained the following spells:

 Spells                   Type           Power      Damage    Failure   Level
 Apportation              Tloc           0%         N/A       83%         1
 Poisonous Vapours        Pois/Air       0%         N/A       90%         2
 Scorch                   Fire           0%         2d5       90%         2
 Static Discharge         Conj/Air       0%         2-2/arc   90%         2
 Sublimation of Blood     Necr           0%         N/A       90%         2
 Frozen Ramparts          Ice            0%         1d1       98%         3
 Mephitic Cloud           Conj/Pois/Air  0%         N/A       98%         3
 Stone Arrow              Conj/Erth      0%         3d7       98%         3
 Volatile Blastmotes      Fire/Tloc      0%         2d10      98%         3
 Airstrike                Air            0%         2d(0-16)  100%        4
 Animate Armour           Summ/Erth      0%         N/A       100%        4
 Flame Wave               Conj/Fire      0%         2d4       100%        4
 Fulminant Prism          Conj/Hex       0%         3d5       100%        4
 Iskenderun's Mystic Bla  Conj/Tloc      0%         2d3       100%        4
 Leda's Liquefaction      Hex/Erth       0%         N/A       100%        4
 Petrify                  Tmut/Erth      0%         N/A       100%        4
 Summon Lightning Spire   Summ/Air       0%         N/A       100%        4
 Alistair's Intoxication  Tmut/Pois      0%         N/A       100%        5
 Freezing Cloud           Conj/Ice/Air   0%         6-21      100%        5
 Irradiate                Conj/Tmut      0%         3d11      100%        5
 Lee's Rapid Deconstruct  Erth           0%         3d4*      100%        5
 Metabolic Englaciation   Hex/Ice        0%         N/A       100%        5
 Leda's Unmaking          Conj/Erth      0%         9d1       100%        6
 Summon Cactus Giant      Summ           0%         N/A       100%        6
 Lehudib's Crystal Spear  Conj/Erth      0%         10d2      100%        8
 Chain Lightning          Conj/Air       0%         N/A       100%        9
 Fire Storm               Conj/Fire      0%         5d1       100%        9
 Shatter                  Erth           0%         3d5*      100%        9


Dungeon Overview and Level Annotations

Branches:
Dungeon (11/15)            Temple (1/1) D:5            Lair (5/5) D:8
  Swamp (0/4) Lair:3       Spider (0/4) Lair:3        Slime (0/5) Lair:4
    Orc (0/2) D:9          Bailey (visited)         Volcano (visited)

Altars:
Ashenzari
Cheibriados
Dithmenos
Elyvilon
Fedhas
Gozag
Hepliaklqana
Kikubaaqudgha
Makhleb
Nemelex Xobeh
Okawaru
Qazlal
Ru
Sif Muna
Trog
Uskayaw
Vehumet
Wu Jian
Xom
Yredelemnul
Zin
The Shining One
Jiyva

Shops:
D:11 ?**!

Annotations:
D:6 exclusions: scorpion and upstairs
D:7 2 transporters, IYTBazzie's ghost, novice DEWn
Lair:5 exclusion: obsidian statue


Innate Abilities, Weirdness & Mutations

You have blades for hands.
Your spellcasting is less reliable in this form.
You are incapable of wielding weapons or throwing items.
You are too large for most types of armour.
You have tough skin. (AC +1)


Message History

The dire elephant trumpets!
You shred the dire elephant!!!
The dire elephant is heavily wounded.
The dire elephant tramples you!!
You stumble backwards!
You slice the dire elephant!! You slash the dire elephant.
The dire elephant is severely wounded.
The dire elephant barely misses you. x2
You slice the dire elephant!!
The dire elephant is almost dead.
The necromancer gestures wildly while chanting.
The necromancer binds the souls of nearby monsters.
You slice the dire elephant!!
You kill the dire elephant!
A freezing mist starts to gather...
A dire elephant simulacrum comes into view.
You slash the dire elephant simulacrum!
The dire elephant simulacrum is lightly damaged.
You slice the dire elephant simulacrum!!
You slash the dire elephant simulacrum!
The dire elephant simulacrum vaporises!
The dire elephant barely misses you. The dire elephant trunk-slaps you!
You slash the dire elephant!
The dire elephant is lightly wounded.
You slash the dire elephant!
The dire elephant is lightly wounded.
The dire elephant tramples you!
You hold your ground!
The dire elephant trunk-slaps you!
You slice the dire elephant!!
The dire elephant is heavily wounded.
You slice the dire elephant!!
The dire elephant is severely wounded.
You hit the dire elephant.
The dire elephant is severely wounded.
The dire elephant tramples you!
You hold your ground!
The dire elephant trunk-slaps you but does no damage.
You slash the dire elephant!
The dire elephant is almost dead.
The dire elephant tramples you.
You hold your ground!
The dire elephant trunk-slaps you! The dire elephant tramples you!!
You stumble backwards!
You are too injured to fight recklessly!
You barely miss the dire elephant.
The dire elephant is almost dead.
The dire elephant tramples you!!
* * * LOW HITPOINT WARNING * * *
You hold your ground!
The dire elephant trunk-slaps you.
* * * LOW HITPOINT WARNING * * *
The dire elephant tramples you!!
You die...
Your body glows with a rainbow of weird colours and disappears.

##### ♣♣###.#.##
♣♣..P.....###
♣P........P.##
##......P...#...# P.
♣♣####''#''#### ## #♣8♣
#8..#....8##.~~## P..8#
##+#
#)..#..@YpY..~≈~'...?|#
##:#
#.#.####Y8#Z~≈≈≈'.YY)$#
#########'#....####
≈≈≈≈#8YYP8#
#8.....####....#
~~.###### #......#
####.### .###8.8##
#8.....#
#...#####8.⌠.8##
########
###.............
########'''### ......
..............


You could see 3 dire elephants, a spectral anaconda and a necromancer.

Vanquished Creatures
  An orc warlord (Bailey)
  A dire elephant (Lair:5)
  Josephine (Lair:3)
  Erolcha (D:10)
  3 hydras (Lair:4)
  2 boulder beetles
  A two-headed ogre (D:11)
  A tengu warrior (D:11)
  13 death yaks
  3 skysharks
  A lindwurm (Lair:2)
  An orc knight (Bailey)
  A deep elf zephyrmancer (D:7)
  A necromancer (Lair:5)
  A cyclops (D:11)
  An elephant (Lair:4)
  An eye of devastation (Lair:4)
  2 torpor snails (Lair:5)
  4 black mambas
  A dire elephant skeleton (Lair:5)
  7 cane toads
  An unseen horror (D:10)
  A gargoyle (D:11)
  2 rime drakes
  2 ice devils (Lair:5)
  5 komodo dragons
  A tengu conjurer (D:11)
  A queen bee (Lair:3)
  A tyrant leech (Lair:5)
  2 trolls
  10 blink frogs
  11 dream sheep
  6 jumping spiders (Lair:3)
  5 slime creatures (D:8)
  A culicivora (Lair:3)
  4 fire bats
  6 wraiths
  3 wyverns
  3 vampires
  6 basilisks
  26 yaks
  3 vampire mosquitoes (D:10)
  2 redbacks (Lair:3)
  4 swamp worms (Lair:5)
  A spectral cane toad (Lair:5)
  4 acid dragons
  A floating eye (Lair:4)
  15 water moccasins
  13 orc warriors
  2 black bears
  4 ogres
  An elephant skeleton (Lair:5)
  18 wolves
  2 centaurs
  A phantom (D:5)
  2 kobold brigands
  10 bullfrogs
  3 gnoll sergeants
  5 scorpions
  3 wights (D:8)
  An elephant simulacrum (Lair:5)
  41 killer bees
  6 howler monkeys
  3 electric eels
  3 hounds
  5 orc priests
  A jelly (D:8)
  A sleepcap (D:4)
  6 orc wizards
  5 iguanas
  7 hell rats
  A statue (D:7)
  17 gnolls
  7 adders
  A white imp (D:5)
  A worm (D:4)
  3 dart slugs
  61 orcs
  6 ball pythons
  4 bats
  6 endoplasms
  5 giant cockroaches
  25 goblins
  20 hobgoblins
  3 jackals (D:2)
  2 quokkas (D:3)
  A frilled lizard (D:2)
  16 kobolds
  5 rats
502 creatures vanquished.

Vanquished Creatures (collateral kills)
  A skyshark (Lair:5)
  A komodo dragon (Lair:5)
  A basilisk (Lair:5)
  3 yaks (Lair:5)
  A water moccasin (Lair:5)
7 creatures vanquished.

Grand Total: 509 creatures vanquished

Notes
Turn   | Place    | Note
-------+----------+-------------------------------------------
     0 | D:1      | shadowrider38 the Ogre Shapeshifter began the quest for the
                  | Orb.
     0 | D:1      | Reached XP level 1. HP: 19/19 MP: 1/1
   204 | D:1      | Reached XP level 2. HP: 28/28 MP: 2/2
   247 | D:1      | Found a faded altar of an unknown god.
   257 | D:1      | Reached skill level 2 in Fighting
   443 | D:1      | Reached skill level 3 in Unarmed Combat
   719 | D:2      | Reached XP level 3. HP: 32/36 MP: 3/3
  1106 | D:2      | Reached skill level 3 in Fighting
  1342 | D:2      | Reached XP level 4. HP: 37/45 MP: 4/4
  1515 | D:3      | Found an ornate altar of the Wu Jian Council.
  1691 | D:3      | Found a glowing silver altar of Zin.
  2147 | D:3      | Found a broken altar of Ashenzari.
  2150 | D:3      | Found a sparkling altar of Nemelex Xobeh.
  2553 | D:3      | Became a worshipper of Nemelex Xobeh the Trickster
  2726 | D:3      | Reached XP level 5. HP: 46/54 MP: 5/5
  2899 | D:4      | Reached skill level 4 in Fighting
  2922 | D:4      | Noticed an ogre
  2929 | D:4      | Killed an ogre
  2930 | D:4      | Reached XP level 6. HP: 47/63 MP: 6/6
  3048 | D:4      | Found an ancient bone altar of Kikubaaqudgha.
  3095 | D:4      | Found a shimmering altar of Xom.
  3201 | D:4      | Reached skill level 5 in Fighting
  3545 | D:4      | Reached XP level 7. HP: 42/72 MP: 7/7
  3908 | D:5      | Entered Level 5 of the Dungeon
  3953 | D:5      | Found a staircase to the Ecumenical Temple.
  4176 | D:5      | Reached skill level 6 in Fighting
  4449 | D:5      | Found a burning altar of Makhleb.
  4880 | D:6      | Reached XP level 8. HP: 36/84 MP: 8/8
  5096 | Temple   | Entered the Ecumenical Temple
  5156 | D:6      | Reached * piety under Nemelex Xobeh
  5364 | D:6      | Reached skill level 7 in Fighting
  5523 | D:5      | Noticed a rust devil
  5523 | D:5      | Noticed a rust devil
  5623 | D:6      | Received a gift from Nemelex Xobeh
  6011 | D:7      | Reached skill level 8 in Fighting
  6324 | D:7      | Found a transporter.
  6326 | D:7      | Noticed IYTBazzie's ghost (novice DEWn)
  6327 | D:7      | Noticed a moth of wrath
  6446 | D:7      | Reached XP level 9. HP: 33/97 MP: 9/9
  7078 | D:7      | Noticed a deep elf zephyrmancer
  7084 | D:7      | Killed a deep elf zephyrmancer
  7085 | D:7      | Reached skill level 9 in Fighting
  7209 | D:7      | Reached ** piety under Nemelex Xobeh
  7234 | D:7      | Found a radiant altar of Vehumet.
  7518 | D:7      | Found a transporter.
  8032 | D:8      | Reached skill level 10 in Fighting
  8124 | D:8      | Reached XP level 10. HP: 32/111 MP: 10/10
  8508 | D:8      | Reached skill level 11 in Fighting
  8680 | D:8      | Found a staircase to the Lair.
  8762 | D:8      | Found a basalt altar of Yredelemnul.
  8844 | D:8      | Found a white marble altar of Elyvilon.
 10247 | D:9      | Reached skill level 9 in Unarmed Combat
 10284 | D:9      | Reached skill level 12 in Fighting
 10789 | D:9      | Received a gift from Nemelex Xobeh
 10971 | D:9      | Found a shadowy altar of Dithmenos.
 11113 | D:9      | Found a staircase to the Orcish Mines.
 11274 | D:10     | Entered Level 10 of the Dungeon
 11274 | D:10     | Reached *** piety under Nemelex Xobeh
 11376 | D:10     | Noticed an unseen horror
 11379 | D:10     | Killed an unseen horror
 11380 | D:10     | Reached skill level 9 in Shapeshifting
 11380 | D:10     | Reached XP level 11. HP: 123/123 MP: 11/11
 11504 | D:10     | Found a bloodstained altar of Trog.
 11518 | D:10     | Noticed Erolcha
 11520 | D:10     | Killed Erolcha
 11649 | D:10     | Found a glowing golden altar of the Shining One.
 11653 | D:10     | Received a gift from Nemelex Xobeh
 11756 | D:10     | Found a flagged portal.
 11775 | Bailey   | Entered a bailey
 11993 | Bailey   | Noticed an orc knight
 12035 | Bailey   | Killed an orc knight
 12415 | Bailey   | Noticed an orc warlord
 12424 | Bailey   | Killed an orc warlord
 12425 | Bailey   | Reached skill level 3 in Invocations
 12661 | D:10     | Received a gift from Nemelex Xobeh
 13054 | D:11     | Reached skill level 13 in Fighting
 13308 | D:11     | Noticed a two-headed ogre
 13311 | D:11     | Killed a two-headed ogre
 13374 | D:11     | Reached **** piety under Nemelex Xobeh
 13573 | D:11     | Noticed a cyclops
 13586 | D:11     | Killed a cyclops
 13700 | D:11     | Found Xonterphu's Assorted Antiques.
 13700 | D:11     | Found Woissuy's Magic Scroll Shop.
 13700 | D:11     | Found Ytiroisk's Distillery.
 13769 | D:11     | Found Lejezih's Assorted Antiques.
 13772 | D:11     | Bought a scroll of fear for 76 gold pieces
 13772 | D:11     | Bought a scroll of blinking for 142 gold pieces
 13775 | D:11     | Bought a potion of haste for 120 gold pieces
 13775 | D:11     | Bought a potion of haste for 120 gold pieces
 13778 | D:11     | Bought a scroll of teleportation for 69 gold pieces
 13778 | D:11     | Bought a scroll labelled FAXISKAOLEY for 23 gold pieces
 13793 | D:11     | Received a gift from Nemelex Xobeh
 13797 | D:11     | Bought a scroll of teleportation for 42 gold pieces
 13818 | D:11     | Noticed a tengu warrior
 13829 | D:11     | Reached XP level 12. HP: 136/136 MP: 14/16
 13842 | D:11     | Killed a tengu warrior
 14104 | D:11     | Noticed a centaur warrior
 14202 | D:11     | Noticed a tengu warrior
 14202 | D:11     | Noticed an ogre mage
 14203 | D:11     | Noticed a tengu warrior
 14437 | D:11     | Received a gift from Nemelex Xobeh
 14584 | Lair:1   | Entered Level 1 of the Lair of Beasts
 15383 | Lair:1   | Reached ***** piety under Nemelex Xobeh
 15703 | Lair:2   | Found a dark tunnel.
 15840 | Lair:2   | Received a gift from Nemelex Xobeh
 15877 | Volcano  | Entered a volcano
 16059 | Lair:2   | Noticed a skyshark
 16062 | Lair:2   | Killed a skyshark
 16063 | Lair:2   | Reached skill level 14 in Fighting
 16399 | Lair:2   | Noticed a boulder beetle
 16407 | Lair:2   | Killed a boulder beetle
 17338 | Lair:3   | Received a gift from Nemelex Xobeh
 17578 | Lair:3   | Reached XP level 13. HP: 117/148 MP: 19/19
 17818 | Lair:3   | Found a staircase to the Swamp.
 17919 | Lair:3   | Reached skill level 15 in Fighting
 18946 | Lair:3   | Found a hole to the Spider Nest.
 19727 | Lair:3   | Received a gift from Nemelex Xobeh
 20358 | Lair:4   | Noticed Josephine
 20647 | Lair:4   | Found a staircase to the Slime Pits.
 20647 | Lair:4   | Found a viscous altar of Jiyva.
 20813 | Lair:3   | Killed Josephine
 21451 | Lair:4   | Paralysed by a floating eye for 2 turns
 22687 | Lair:5   | Entered Level 5 of the Lair of Beasts
 22791 | Lair:5   | Reached XP level 14. HP: 93/159 MP: 20/20
 23040 | Lair:5   | Received a gift from Nemelex Xobeh
 23103 | Lair:5   | Reached skill level 9 in Invocations
 23223 | Lair:5   | Identified the +10 scimitar of Cheibriados's Wrath {freeze,
                  | rPois rN+ Str-4}
 24372 | Lair:4   | Reached skill level 16 in Fighting
 25275 | Lair:5   | Noticed a dire elephant
 25275 | Lair:5   | Noticed a dire elephant
 25275 | Lair:5   | Noticed a dire elephant
 25276 | Lair:5   | Noticed a dire elephant
 25878 | Lair:5   | Killed a dire elephant
 25887 | Lair:5   | Slain by a dire elephant

Illustrated notes

Levels and vault maps discovered:
D:1:      lightli_arrival_noodles, layout_loops_ring, basic_ecumenical_altar
D:2:      layout_loops_ring, minmay_tripent
D:3:      layout_basic, pdpol_wu_jian_five_deadly_venoms, zin_treasury,
          nicolae_overflow_hidden_temple, hangedman_abyss_or_decor_stabs
D:4:      kennysheep_spiral_hall, layout_gridville,
          nicolae_kikubaaqudgha_miasma_corner, mainiacjoe_overflow_alcove_2
D:5:      cheibrodos_iron_armory, layout_loops_cross,
          mainiacjoe_overflow_concentric_impassable,
          minmay_temple_entry_statues_pillars
D:6:      layout_rooms
D:7:      layout_basic, vehumet_statue, gammafunk_ghost_berserking_beasts,
          guppyfry_early_elven_hall
D:8:      layout_loops_ring, kennysheep_ying_yang, erik_lair_island
D:9:      layout_cross, mainiacjoe_overflow_alcove_1, david_orc_2, hex_medium,
          minmay_misc_feat_nine_boxes, dk_noncrumbling_3
D:10:     layout_stronghold, trog_butcher_becter, tso_metal_star,
          enter_bailey_5, bh_walls_and_bars, uniq_erolcha
D:11:     layout_loops_corners, minmay_shop_grid_forest, kennysheep_flooded_box,
          minivault_12
Temple:   hellmonk_temple_forest_ring
Lair:1:   layout_roguey, chequers_serial_rivers_micro_b,
          infiniplex_staircase_pool
Lair:2:   layout_misc_corridors, nicolae_volcano_entry_batcave,
          minmay_stone_trees_small
Lair:3:   layout_cave_pods, swamp_mist_pool, nicolae_spider_entry_tight_spaces,
          special_room [special_room_bee], st_stairs_3
Lair:4:   layout_roguey, minmay_slime_entry_eyes, st_stairs_5, uniq_josephine
Lair:5:   due_jungle_book, layout_loops_ring, portal_ice_cave_demonic_guard,
          worms_lemuel, serial_bayou_shore_a

Skill      XL: |  1  2  3  4  5  6  7  8  9 10 11 12 13 14 |
---------------+-------------------------------------------+-----
Fighting       | 2 3 4 5 6 8 10 12 13 14 15 16 | 16.4
Unarmed Combat | 3 4 5 6 7 9 10 11 12 | 12.9
Shapeshifting  | 4 5 6 7 9 10 12 | 12.7
Invocations    | 5 8 10 | 10.0
Dodging        | |  1.7

Action                     |  1- 3 |  4- 6 |  7- 9 | 10-12 | 13-15 || total
---------------------------+-------+-------+-------+-------+-------++-------
  Melee: Unarmed           |    74 |   142 |   241 |   497 |   443 ||  1397
         Punch             |       |     2 |     7 |       |     2 ||    11
         Constrict         |       |       |     7 |   119 |    94 ||   220
  Throw: Large rock        |       |       |     4 |       |       ||     4
 Invoke: Draw Destruction  |       |       |       |     5 |     8 ||    13
         Draw Summoning    |       |       |       |       |     3 ||     3
         Triple Draw       |       |       |       |       |     1 ||     1
  Evoke: Wand              |       |       |       |     1 |     4 ||     5
    Use: Scroll            |       |     3 |    10 |     6 |     4 ||    23
         Potion            |       |     3 |     2 |     2 |     2 ||     9
   Stab: Sleeping          |       |       |       |       |     1 ||     1
 Armour: Animal skin       |    29 |    23 |    21 |       |       ||    73
         Skin              |       |     8 |    25 |   192 |   183 ||   408
         Troll leather arm |       |       |       |       |     1 ||     1
  Dodge: Dodged            |    26 |    66 |   101 |   264 |   220 ||   677
   Form: Anaconda          |       |       |     2 |     2 |     1 ||     5
         Beast             |       |       |     1 |     1 |       ||     2
         Blade             |       |       |       |     1 |     2 ||     3

Table legend: (Time is in decaauts)
 A = Elapsed time spent in this place.
 B = Non-inter-level travel time spent in this place.
 C = Inter-level travel time spent in this place.
 D = Time resting spent in this place.
 E = Time spent auto-exploring this place.
 F = Levels seen in this place.
 G = Mean time per level.
                   A        B        C        D        E       F      G
               +--------+--------+--------+--------+--------+-----+--------+
         Total |  25751 |  24820 |    931 |   8601 |  12064 |  19 | 1355.3 |
       Dungeon |  13743 |  13162 |    581 |   3512 |   7289 |  11 | 1249.4 |
        Temple |      1 |      1 |      0 |      0 |      0 |   1 |    1.0 |
          Lair |  11101 |  10752 |    349 |   4758 |   4501 |   5 | 2220.2 |
        Bailey |    769 |    769 |      0 |    240 |    257 |   1 |  769.0 |
       Volcano |    136 |    136 |      0 |     91 |     16 |   1 |  136.0 |
               +--------+--------+--------+--------+--------+-----+--------+

Top non-repeatable levels by time:
  Lair:3: 3872 daAuts
  Lair:5: 2526 daAuts
     D:8: 2203 daAuts
  Lair:4: 1981 daAuts
     D:7: 1906 daAuts
  Lair:2: 1749 daAuts
    D:11: 1560 daAuts
     D:9: 1350 daAuts
     D:4: 1345 daAuts
     D:3: 1197 daAuts
     D:5: 978 daAuts
  Lair:1: 971 daAuts
    D:10: 930 daAuts
     D:6: 918 daAuts
  Bailey: 769 daAuts
